 Dungeon Crawl Stone Soup version 0.31.0-12-g77e489cdc1 (webtiles) character file.

Game seed: 15382198492014605933

117 Gadfly the Shooter (level 5, 0/32 HPs)
             Began as a Kobold Hunter on Feb 14, 2024.
             Slain by a mummy (8 damage)
             ... in an ossuary.
             The game lasted 00:03:11 (2470 turns).

Gadfly the Shooter (Kobold Hunter)                  Turns: 2470, Time: 00:03:12

Health: 0/32       AC:  5    Str:  9    XL:     5   Next: 22%
Magic:  6/6        EV: 15    Int: 10    God:
Gold:   830        SH:  0    Dex: 20    Spells: 4/4 levels left

rFire   . . .        b - +1 hand axe (elec)
rCold   . . .        (no shield)
rNeg    . . .        c - +0 leather armour
rPois   .            h - +0 helmet
rElec   .            (no cloak)
rCorr   .            (no gloves)
SInv    .            d - +0 pair of boots
Will    .....        (no amulet)
Stlth   +++          (no ring)
HPRegen 0.25/turn    (no ring)
MPRegen 0.10/turn

%: no passive effects
@: no status effects
A: small, no large weapons, nightstalker 3
a: no special abilities


You were in an ossuary.
You visited 1 branch of the dungeon, and saw 4 of its levels.
You also visited: Ossuary.

You collected 830 gold pieces.

Inventory:

Hand Weapons
 a - a +1 shortbow
 b - a +1 hand axe of electrocution (weapon)
Armour
 c - a +0 leather armour (worn)
 d - a +0 pair of boots (worn)
 h - a +0 helmet (worn)
Wands
 f - a wand of paralysis (5)
Scrolls
 e - a scroll of butterflies
 j - a scroll of enchant weapon
Potions
 i - a potion of lignification {unknown}
 k - a potion of heal wounds {unknown}


   Skills:
 + Level 3.0 Fighting
 + Level 5.8 Ranged Weapons
 + Level 3.2 Dodging
 - Level 1.3 Stealth
 * Level 2.2 Invocations
 * Level 2.5 Evocations


You had 4 spell levels left.
You didn't know any spells.
Your spell library was empty.

Dungeon Overview and Level Annotations

Branches:
Dungeon (4/15)            Ossuary (1/1)
 Temple: D:4-7

Altars:
Elyvilon
Ru
Uskayaw
Xom
Yredelemnul

Annotations:
D:3 2 runed translucent doors, TheBioAlchemist's ghost, amateur OnWr


Innate Abilities, Weirdness & Mutations

You are small and have problems with some larger weapons.
You are completely attuned to the shadows.


Message History

The kobold zombie misses you. The mummy closely misses you.
The kobold zombie attacks as it pursues you!
The kobold zombie hits you but does no damage.
You hit the mummy.
You destroy the mummy!
You hit the kobold zombie.
You feel less invigorated.
You feel less confused.
Your Invocations skill increases to level 2!
You hit the mummy. Lightning courses through the mummy!!
You destroy the mummy!
You barely miss the mummy. The mummy hits you!
You have reached level 5!
You feel stronger.
You hit the mummy but do no damage. Lightning courses through the mummy!
The mummy is heavily damaged.
You hit the orc zombie.
Lightning courses through the orc zombie!!
You destroy the orc zombie!
You hit the mummy. You hit the orc zombie.
Lightning courses through the orc zombie!
You destroy the orc zombie!
The mummy barely misses you. The mummy hits you!
* * * LOW HITPOINT WARNING * * *
You hit the mummy.
The mummy is heavily damaged.
You hit the mummy but do no damage. You hit the kobold zombie.
The kobold zombie barely misses you. The mummy completely misses you.
Unknown command.
You hit the mummy. Lightning courses through the mummy!!
You destroy the mummy!
You hit the kobold zombie but do no damage.
You hit the mummy. The mummy barely misses you.
The kobold zombie closely misses you.
Your Fighting skill increases to level 3!
You barely miss the mummy.
The mummy is severely damaged.
You barely miss the kobold zombie.
The kobold zombie hits you but does no damage.
The mummy hits you!
You die...

.........
..........
........#
#......#
#....#
#.M..#
#.Z@.#
#....#
#....#
#....#
#....#
#....#
#.∩∩.#
######


You could see a mummy and a kobold zombie.

Vanquished Creatures
  3 mummies (Ossuary)
  4 adders
  3 ball pythons
  2 bats
  5 endoplasms
  5 goblins
  2 hobgoblins
  5 kobolds
  4 quokkas
  4 frilled lizards
  A gnoll zombie (Ossuary)
  A hobgoblin zombie (Ossuary)
  4 orc zombies (Ossuary)
43 creatures vanquished.

Notes
Turn   | Place    | Note
-------+----------+-------------------------------------------
     0 | D:1      | Gadfly the Kobold Hunter began the quest for the Orb.
     0 | D:1      | Reached XP level 1. HP: 12/12 MP: 1/1
   128 | D:1      | Reached XP level 2. HP: 18/18 MP: 2/2
   469 | D:1      | Reached skill level 1 in Evocations
   652 | D:1      | Reached skill level 1 in Invocations
   726 | D:1      | Reached XP level 3. HP: 22/22 MP: 3/3
   765 | D:1      | Found a faded altar of an unknown god.
   897 | D:1      | Identified a scroll of acquirement
   897 | D:1      | Acquired 718 gold pieces
  1025 | D:2      | You fall into a shaft and drop 1 floor!
  1026 | D:3      | Found a runed translucent door.
  1031 | D:3      | Noticed TheBioAlchemist's ghost (amateur OnWr)
  1166 | D:3      | Found a runed translucent door.
  1213 | D:2      | Identified the +1 dagger of Patterns {drain, rPois rC+}
  1302 | D:2      | Reached XP level 4. HP: 24/27 MP: 5/5
  1355 | D:2      | Found a basalt altar of Yredelemnul.
  1678 | D:3      | Found a sacrificial altar of Ru.
  1813 | D:3      | Found a white marble altar of Elyvilon.
  1823 | D:3      | Found a shimmering altar of Xom.
  1923 | D:3      | Found a hide-covered altar of Uskayaw.
  2428 | D:4      | Found a sand-covered staircase.
  2435 | Ossuary  | Entered an ossuary
  2467 | Ossuary  | Reached XP level 5. HP: 18/32 MP: 6/6
  2470 | Ossuary  | Slain by a mummy

Illustrated notes

Levels and vault maps discovered:
D:1:      nicolae_arrival_memento_mori, layout_basic,
          dilly_ecumenical_altar_fadedgnrine
D:2:      layout_rooms, basic_altar
D:3:      layout_basic, hangedman_ru_absence, general_overflow_altar,
          grunt_temple_overflow_open, ebering_ghost_sewer_f
D:4:      layout_basic, minmay_temple_entry_statues,
          nicolae_ossuary_entry_monument, minmay_shop_grid_forest, uniq_sigmund
Ossuary:  ossuary_tomb_3

Skill      XL: |  1  2  3  4  5 |
---------------+----------------+-----
Evocations     | 1 2 |  2.5
Invocations    | 1 2 |  2.2
Dodging        | 3 |  3.2
Fighting       | 3 |  3.0
Ranged Weapons | |  5.8
Stealth        | |  1.3

Action                     |  1- 3 |  4- 6 || total
---------------------------+-------+-------++-------
  Melee: Hand axe          |       |    10 ||    10
   Fire: Shortbow          |    83 |    28 ||   111
    Use: Scroll            |     5 |       ||     5
         Potion            |     1 |     1 ||     2
   Stab: Sleeping          |       |     2 ||     2
 Armour: Leather armour    |    18 |    11 ||    29
  Dodge: Dodged            |    42 |    15 ||    57
